 Dungeon Crawl Stone Soup version 0.31-a0-1098-g6898e6545c (webtiles) character file.

Game seed: 841485816511639174

100 Dirtsage the Changeling (level 4, -2/29 HPs)
             Began as an Octopode Shapeshifter on Nov 30, 2023.
             Slain by an orc wizard
             ... wielding a +0 dagger
              (4 damage)
             ... on level 3 of the Dungeon.
             The game lasted 00:04:20 (1936 turns).

Dirtsage the Changeling (Octopode Shapeshifter)     Turns: 1936, Time: 00:04:21

Health: -2/29      AC:  1    Str: 13    XL:     4   Next: 73%
Magic:  4/4        EV: 13    Int: 12    God:
Gold:   76         SH:  0    Dex: 13    Spells: 3/3 levels left

rFire   + .          .
                       - Unarmed
rCold   + . .        (no shield)
rNeg    . . .        (helmet currently unavailable)
rPois   +            (no amulet)
rElec   +            d - ring of flight
rCorr   +            (no ring)
SInv    .            (no ring)
Will    .....        (no ring)
Stlth   ++           (no ring)
HPRegen 0.24/turn    (no ring)
MPRegen 0.09/turn    (no ring)
                     (no ring)

%: no passive effects
@: beast-form, resistant, flying
A: beast (slay +2), almost no armour, amphibious, 8 rings, camouflage 1,
gelatinous body 1, (nimble swimmer 1), tentacles
a: Begin Untransformation


You were on level 3 of the Dungeon.
You were a hulking beast.
You visited 1 branch of the dungeon, and saw 3 of its levels.

You collected 76 gold pieces.

Inventory:

Jewellery
 d - a ring of flight (left tentacle)
Talismans
 b - a beast talisman
 c - a flux talisman
Scrolls
 f - a scroll of fog
 i - a scroll of amnesia
 t - a scroll of teleportation
Potions
 a - a potion of lignification
 j - a potion of berserk rage {unknown}
 o - a potion of might {unknown}


   Skills:
 + Level 2.2 Fighting
 - Level 2.0 Dodging
 + Level 3.6 Unarmed Combat
 * Level 4.1 Shapeshifting


You had 3 spell levels left.
You didn't know any spells.
Your spell library contained the following spells:

 Spells                   Type           Power      Damage    Failure   Level
 Sublimation of Blood     Necr           0%         N/A       45%         2
 Petrify                  Tmut/Erth      0%         N/A       97%         4
 Irradiate                Conj/Tmut      0%         3d11      100%        5


Dungeon Overview and Level Annotations

Branches:
Dungeon (3/15)

Altars:

Annotations:
D:3 3 runed translucent doors


Innate Abilities, Weirdness & Mutations

You are a hulking beast.
Your limbs bulge with bestial killing power. (Slay +2)
You cannot wear most types of armour.
You are amphibious.
You can wear up to eight rings at the same time.
Your skin changes colour to match your surroundings (Stealth+).
Your rubbery body absorbs attacks. (AC +1, EV +1)
((You are camouflaged when in or above water. (Stealth+)))
You have tentacles for arms and can constrict up to eight enemies at once.


Message History

The orc wizard flickers and vanishes!
A magic dart appears from out of thin air!
The magic dart hits you!
You take 11 damage, and have 14/29 hp.
MASSIVE DAMAGE!!
You bump into the rock wall.
You feel less confused. Something hits you.
You take 2 damage, and have 14/29 hp.
You hear some strange, mumbled words.
You are confused.
A magic dart appears from out of thin air!
The magic dart hits something!
You hear some strange, mumbled words.
You are more confused.
You hear some strange, mumbled words.
You are more confused.
Something barely misses you.
You hear some strange, mumbled words.
Something tries to affect you, but you resist.
Something hits you.
You take 1 damage, and have 16/29 hp.
You miss something. Something hits you but does no damage. Something hits you.
You take 2 damage, and have 14/29 hp.
Something hits you. x2
* * * LOW HITPOINT WARNING * * *
You take 7 damage, and have 7/29 hp.
MASSIVE DAMAGE!!
Something hits you.
* * * LOW HITPOINT WARNING * * *
Something hits you.
* * * LOW HITPOINT WARNING * * *
You take 4 damage, and have 3/29 hp.
It was a potion of curing.
You feel better. Something hits you.
* * * LOW HITPOINT WARNING * * *
Something hits you.
* * * LOW HITPOINT WARNING * * *
You take 1 damage, and have 2/29 hp.
It was a potion of resistance.
You feel protected. Something hits you.
You die...

#....,,,,*,,,,,,,*,......#.
#..#######**##*##*########.
####......#.###.#..#,#.#####..
####.......).......#..#,#.......#
.))..#................#,#.#######
.###.....##......#....#,#.#######
##,#####.........'.>..#,#.#
#,.....###.......#...##,#.#
#........##.....h#...#*,#.#
...###....##)....#...+,,#.#
.Z.,,*#....#)#####...***#.#
#..,,,#....#.# #..#* #.#
#.,,,,##...+.#####.)# #.#
*,,,,,,#...+)#.....)# #.#
*,*,,,,#...+...####.# #.#
,,*,,,##...#..## #.#####.#
,,**,*#....#..# #....##.#


There were no monsters in sight!

Vanquished Creatures
  Robin (D:3)
  2 adders
  2 dart slugs
  4 orcs
  2 endoplasms (D:2)
  A giant cockroach (D:2)
  14 goblins
  8 hobgoblins
  3 quokkas (D:2)
  4 ball pythons
  5 bats
  6 kobolds
  6 rats
58 creatures vanquished.

Notes
Turn   | Place    | Note
-------+----------+-------------------------------------------
     0 | D:1      | Dirtsage the Octopode Shapeshifter began the quest for the
                  | Orb.
     0 | D:1      | Reached XP level 1. HP: 13/13 MP: 1/1
   230 | D:1      | Reached XP level 2. HP: 18/18 MP: 2/2
   973 | D:2      | Reached XP level 3. HP: 7/23 MP: 3/3
  1213 | D:2      | Found a faded altar of an unknown god.
  1678 | D:3      | Reached XP level 4. HP: 29/29 MP: 4/4
  1681 | D:3      | Noticed Robin
  1690 | D:3      | Killed Robin
  1691 | D:3      | Reached skill level 4 in Shapeshifting
  1764 | D:3      | Found a runed translucent gate.
  1764 | D:3      | Found a runed translucent gate.
  1764 | D:3      | Found a runed translucent gate.
  1936 | D:3      | Slain by an orc wizard

Illustrated notes

Levels and vault maps discovered:
D:1:      lightli_arrival_isolated_outpost, layout_basic
D:2:      layout_rooms, basic_ecumenical_altar, minmay_small_reverse_x
D:3:      layout_basic, gammafunk_temple_overflow_statue, gammafunk_ghost_icy,
          patterned_corridor, uniq_robin, uniq_jessica

Skill      XL: |  1  2  3  4 |
---------------+-------------+-----
Fighting       | 2 |  2.2
Shapeshifting  | 4 |  4.1
Dodging        | |  2.0
Unarmed Combat | |  3.6

Action                     |  1- 3 |  4- 6 || total
---------------------------+-------+-------++-------
  Melee: Unarmed           |    67 |    34 ||   101
         Constrict         |    15 |     9 ||    24
         Tentacles         |    11 |     8 ||    19
         Punch             |     2 |     1 ||     3
    Use: Scroll            |     7 |       ||     7
         Potion            |       |     2 ||     2
   Stab: Sleeping          |     8 |       ||     8
         Distracted        |     1 |       ||     1
 Armour: Skin              |    19 |    25 ||    44
  Dodge: Dodged            |    31 |    14 ||    45

Table legend: (Time is in decaauts)
 A = Elapsed time spent in this place.
 B = Non-inter-level travel time spent in this place.
 C = Inter-level travel time spent in this place.
 D = Time resting spent in this place.
 E = Time spent auto-exploring this place.
 F = Levels seen in this place.
 G = Mean time per level.
                   A        B        C        D        E       F      G
               +--------+--------+--------+--------+--------+-----+--------+
         Total |   1928 |   1905 |     23 |     45 |   1508 |   3 |  642.7 |
       Dungeon |   1928 |   1905 |     23 |     45 |   1508 |   3 |  642.7 |
               +--------+--------+--------+--------+--------+-----+--------+

Top non-repeatable levels by time:
     D:1: 947 daAuts
     D:2: 578 daAuts
     D:3: 403 daAuts
